EL
MIDLAND ROCKHOUNDS @ NORTHWEST ARKANSAS NATURALS
07/15/2048
 
TOP OF THE 1ST
Midland RockHounds batting - Pitching for Northwest Arkansas Naturals : RHP Philip Terrell
Pitching: RHP Philip Terrell
Batting: RHB Matt Sherard 0-0: Swinging Strike
0-1: Ball
1-1: Foul Ball, location: 2F
1-2: Ground out 6-3 (Groundball, 6, EV 106.2 MPH)
Batting: RHB Travis Robinson 0-0: Fly out, F3 (Popup, 23F, EV 88.1 MPH)
Batting: LHB Tom Raupp 0-0: SOLO HOME RUN (Flyball, 9LD, EV 95.6 MPH), Distance : 360 ft
Batting: RHB Jonathan Gallup 0-0: Ball
1-0: Swinging Strike
1-1: Ball
2-1: Ball
3-1: Base on Balls
Batting: RHB Micah Roth 0-0: Ball
1-0: Fly out, F9 (Line Drive, 9LS, EV 86.2 MPH)
Top of the 1st over - 1 run, 1 hit, 0 errors, 1 left on base; Midland 1 - Northwest Arkansas 0
BOTTOM OF THE 1ST
Northwest Arkansas Naturals batting - Pitching for Midland RockHounds : RHP Chad Casey
Pitching: RHP Chad Casey
Batting: SHB Ryoji Hiraoka 0-0: SINGLE (Groundball, 3S, EV 65.0 MPH) (infield hit)
Batting: RHB Kazuki Arai 0-0: Ball
1-0: Ball
2-0: Ball
3-0: Called Strike
3-1: Foul Ball, location: 2F
3-2: Base on Balls
Ryoji Hiraoka to second
Batting: RHB Alex Cid 0-0: Called Strike
0-1: Foul Ball, location: 2F
0-2: Foul Ball, location: 2F
0-2: Fly out, F9 (Line Drive, 9S, EV 95.6 MPH)
Batting: RHB Kevin Wimberly 0-0: Ball
1-0: Ball
2-0: Swinging Strike
2-1: Foul Ball, location: 2F
2-2: Strikes out swinging
Batting: RHB Andy Urquhart 0-0: Ball
1-0: Ball
2-0: Ball
3-0: Base on Balls
Ryoji Hiraoka to third
Kazuki Arai to second
Batting: RHB Edwin Ramos 0-0: Ball
1-0: Ball
2-0: Foul Ball, location: 2F
2-1: Foul Ball, location: 2F
2-2: DOUBLE (Line Drive, 9LM, EV 107.5 MPH)
Ryoji Hiraoka scores
Kazuki Arai scores
Andy Urquhart to third
Batting: RHB Chad Sullivan 0-0: Foul Ball, location: 2F
0-1: Foul Ball, location: 2F
0-2: Strikes out looking
Bottom of the 1st over - 2 runs, 2 hits, 0 errors, 2 left on base; Midland 1 - Northwest Arkansas 2
TOP OF THE 2ND
Midland RockHounds batting - Pitching for Northwest Arkansas Naturals : RHP Philip Terrell
Batting: RHB Manny Moron 0-0: Ball
1-0: Ball
2-0: Ground out 1-3 (Groundball, 13S, EV 66.2 MPH)
Batting: RHB Gojko Golob 0-0: Ground out 6-3 (Groundball, 6M, EV 84.4 MPH)
Batting: RHB Larry Clark 0-0: Ball
1-0: Ball
2-0: Foul Ball, location: 2F
2-1: Foul Ball, location: 2F
2-2: Ground out 6-3 (Groundball, 6, EV 101.2 MPH)
Top of the 2nd over - 0 runs, 0 hits, 0 errors, 0 left on base; Midland 1 - Northwest Arkansas 2
BOTTOM OF THE 2ND
Northwest Arkansas Naturals batting - Pitching for Midland RockHounds : RHP Chad Casey
Batting: RHB Eric Erickson 0-0: Ball
1-0: Ball
2-0: Ball
3-0: Called Strike
3-1: Fly out, F4 (Popup, 4, EV 60.6 MPH)
Batting: SHB Danny Ballenger 0-0: Called Strike
0-1: Foul Ball, location: 2F
0-2: Strikes out swinging
Batting: SHB Ryoji Hiraoka 0-0: Called Strike
0-1: Ball
1-1: Fly out, F4 (Popup, 4D, EV 65.6 MPH)
Bottom of the 2nd over - 0 runs, 0 hits, 0 errors, 0 left on base; Midland 1 - Northwest Arkansas 2
TOP OF THE 3RD
Midland RockHounds batting - Pitching for Northwest Arkansas Naturals : RHP Philip Terrell
Batting: RHB Moses Brokken 0-0: Ball
1-0: Ball
2-0: Ball
3-0: Base on Balls
Batting: RHB Matt Sherard 0-0: Ball
Moses Brokken steals 2nd base (no throw)
1-0: Ball
2-0: Ball
3-0: Called Strike
3-1: SINGLE (Line Drive, 4MD, EV 98.1 MPH)
Moses Brokken to third
Runner from 3rd tries for Home, SAFE, throw by CF to home
Batting: RHB Travis Robinson 0-0: Ball
1-0: Ball
2-0: Foul Ball, location: 2F
2-1: SINGLE (Flyball, 3D, EV 93.8 MPH)
Matt Sherard to second
Runner from 2nd tries for 3rd, OUT! 9-5
Batting: LHB Tom Raupp 0-0: Ball
1-0: Ball
Travis Robinson steals 2nd base
2-0: 2-RUN HOME RUN (Flyball, 7LD, EV 94.4 MPH), Distance : 349 ft
Batting: RHB Jonathan Gallup 0-0: Called Strike
0-1: Ball
1-1: Foul Ball, location: 2F
1-2: Ball
2-2: Foul Ball, location: 2F
2-2: Strikes out swinging
Batting: RHB Micah Roth 0-0: Ball
1-0: Ball
2-0: Ball
3-0: Called Strike
3-1: Base on Balls
Batting: RHB Manny Moron 0-0: Called Strike
0-1: Ball
1-1: Ball
2-1: Called Strike
2-2: Foul Ball, location: 2F
2-2: Ball
3-2: Ground out 4-3 (Groundball, 4M, EV 90.6 MPH)
Top of the 3rd over - 3 runs, 3 hits, 0 errors, 1 left on base; Midland 4 - Northwest Arkansas 2
BOTTOM OF THE 3RD
Northwest Arkansas Naturals batting - Pitching for Midland RockHounds : RHP Chad Casey
Batting: RHB Kazuki Arai 0-0: Ball
1-0: Foul Ball, location: 2F
1-1: Foul Ball, location: 2F
1-2: Foul Ball, location: 2F
1-2: Strikes out swinging
Batting: RHB Alex Cid 0-0: Ball
1-0: Called Strike
1-1: Foul Ball, location: 2F
1-2: Strikes out swinging
Batting: RHB Kevin Wimberly 0-0: Swinging Strike
0-1: Foul Ball, location: 2F
0-2: Fly out, F9 (Flyball, 9S, EV 71.2 MPH)
Bottom of the 3rd over - 0 runs, 0 hits, 0 errors, 0 left on base; Midland 4 - Northwest Arkansas 2
TOP OF THE 4TH
Midland RockHounds batting - Pitching for Northwest Arkansas Naturals : RHP Philip Terrell
Batting: RHB Gojko Golob 0-0: SINGLE (Line Drive, 78S, EV 105.6 MPH)
Batting: RHB Larry Clark 0-0: Foul Ball, location: 2F
0-1: Fly out, F8 (Line Drive, 8LS, EV 85.0 MPH)
Batting: RHB Moses Brokken 0-0: Called Strike
0-1: Ball
1-1: Foul Ball, location: 2F
1-2: Strikes out swinging
Batting: RHB Matt Sherard 0-0: Ball
1-0: Fly out, F8 (Flyball, 8LM, EV 86.9 MPH)
Top of the 4th over - 0 runs, 1 hit, 0 errors, 1 left on base; Midland 4 - Northwest Arkansas 2
BOTTOM OF THE 4TH
Northwest Arkansas Naturals batting - Pitching for Midland RockHounds : RHP Chad Casey
Batting: RHB Andy Urquhart 0-0: Ground out 5-3 (Groundball, 5L, EV 80.0 MPH)
Batting: RHB Edwin Ramos 0-0: Called Strike
0-1: Ground out 5-3 (Groundball, 5S, EV 84.4 MPH)
Batting: RHB Chad Sullivan 0-0: Called Strike
0-1: Ball
1-1: Foul Ball, location: 2F
1-2: Strikes out swinging
Bottom of the 4th over - 0 runs, 0 hits, 0 errors, 0 left on base; Midland 4 - Northwest Arkansas 2
TOP OF THE 5TH
Midland RockHounds batting - Pitching for Northwest Arkansas Naturals : RHP Philip Terrell
Batting: RHB Travis Robinson 0-0: Ball
1-0: Foul Ball, location: 2F
1-1: Foul Ball, location: 2F
1-2: Fly out, F8 (Flyball, 8RS, EV 86.2 MPH)
Batting: LHB Tom Raupp 0-0: Foul Ball, location: 2F
0-1: Ball
1-1: Swinging Strike
1-2: Ball
2-2: Ball
3-2: Strikes out looking
Batting: RHB Jonathan Gallup 0-0: Ground out 6-3 (Groundball, 6, EV 100.0 MPH)
Top of the 5th over - 0 runs, 0 hits, 0 errors, 0 left on base; Midland 4 - Northwest Arkansas 2
BOTTOM OF THE 5TH
Northwest Arkansas Naturals batting - Pitching for Midland RockHounds : RHP Chad Casey
Batting: RHB Eric Erickson 0-0: Called Strike
0-1: Foul Ball, location: 2F
0-2: Ball
1-2: Foul Ball, location: 2F
1-2: Strikes out swinging
Batting: SHB Danny Ballenger 0-0: Ball
1-0: SINGLE (Groundball, 6MD, EV 101.9 MPH)
Batting: SHB Ryoji Hiraoka 0-0: Ball
1-0: Fly out, F6 (Popup, 6M, EV 56.9 MPH)
Batting: RHB Kazuki Arai 0-0: Ball
1-0: Ball
2-0: SINGLE (Flyball, 34D, EV 87.5 MPH)
Danny Ballenger to second
Runner from 2nd tries for 3rd, SAFE, no throw by RF
Batting: RHB Alex Cid 0-0: SINGLE (Flyball, 3D, EV 91.2 MPH)
Danny Ballenger scores
Kazuki Arai to second
Runner from 2nd tries for 3rd, SAFE, throw by RF made to third
Batting: RHB Kevin Wimberly 0-0: Called Strike
0-1: Foul Ball, location: 2F
0-2: Fly out, F8 (Line Drive, 8RS, EV 98.1 MPH)
Bottom of the 5th over - 1 run, 3 hits, 0 errors, 2 left on base; Midland 4 - Northwest Arkansas 3
TOP OF THE 6TH
Midland RockHounds batting - Pitching for Northwest Arkansas Naturals : RHP Philip Terrell
Pitching: RHP Junsuke Abe
Batting: RHB Micah Roth 0-0: Swinging Strike
0-1: Ball
1-1: SINGLE (Flyball, 7LS, EV 88.8 MPH)
Batting: RHB Manny Moron 0-0: Called Strike
0-1: Ball
1-1: Foul Ball, location: 2F
1-2: Grounds into double play, 4-6-3 (Groundball, 4, EV 99.4 MPH)
Batting: RHB Gojko Golob 0-0: Ball
1-0: Foul Ball, location: 2F
1-1: Foul Ball, location: 2F
1-2: Ball
2-2: Ball
3-2: Foul Ball, location: 2F
3-2: Strikes out swinging
Top of the 6th over - 0 runs, 1 hit, 0 errors, 0 left on base; Midland 4 - Northwest Arkansas 3
BOTTOM OF THE 6TH
Northwest Arkansas Naturals batting - Pitching for Midland RockHounds : RHP Chad Casey
Batting: RHB Andy Urquhart 0-0: Called Strike
0-1: Foul Ball, location: 2F
0-2: Ball
1-2: Ground out 5-3 (Groundball, 56, EV 83.1 MPH)
Batting: RHB Edwin Ramos 0-0: Foul Ball, location: 2F
0-1: Ball
1-1: Ball
2-1: Ground out 6-3 (Groundball, 6, EV 103.8 MPH)
Batting: RHB Chad Sullivan 0-0: Foul Ball, location: 2F
0-1: Swinging Strike
0-2: Foul Ball, location: 2F
0-2: Ball
1-2: Fly out, F3 (Popup, 34, EV 68.8 MPH)
Bottom of the 6th over - 0 runs, 0 hits, 0 errors, 0 left on base; Midland 4 - Northwest Arkansas 3
TOP OF THE 7TH
Midland RockHounds batting - Pitching for Northwest Arkansas Naturals : RHP Junsuke Abe
Pitching: RHP Justin Potts
Batting: RHB Larry Clark 0-0: Ball
1-0: Swinging Strike
1-1: Ball
2-1: Foul Ball, location: 2F
2-2: Ball
3-2: Foul Ball, location: 2F
3-2: Strikes out swinging
Batting: RHB Moses Brokken 0-0: Ground out 5-3 (Groundball, 56, EV 87.5 MPH)
Batting: RHB Matt Sherard 0-0: Ball
1-0: Called Strike
1-1: Fly out, F3 (Popup, 3F, EV 63.8 MPH)
Top of the 7th over - 0 runs, 0 hits, 0 errors, 0 left on base; Midland 4 - Northwest Arkansas 3
BOTTOM OF THE 7TH
Northwest Arkansas Naturals batting - Pitching for Midland RockHounds : RHP Chad Casey
Batting: RHB Eric Erickson 0-0: Ball
1-0: Ground out 6-3 (Groundball, 56, EV 85.6 MPH)
Pitching: RHP Alfonso Alvarado
Batting: SHB Danny Ballenger 0-0: Called Strike
0-1: Ball
1-1: Swinging Strike
1-2: Strikes out swinging
Batting: SHB Ryoji Hiraoka 0-0: Ground out 4-3 (Groundball, 4, EV 101.9 MPH)
Bottom of the 7th over - 0 runs, 0 hits, 0 errors, 0 left on base; Midland 4 - Northwest Arkansas 3
TOP OF THE 8TH
Midland RockHounds batting - Pitching for Northwest Arkansas Naturals : RHP Justin Potts
Pitching: RHP Matthew Orphan
Batting: RHB Travis Robinson 0-0: Called Strike
0-1: Ball
1-1: Ball
2-1: Foul Ball, location: 2F
2-2: Strikes out swinging
Batting: LHB Tom Raupp 0-0: Ball
1-0: Ball
2-0: Foul Ball, location: 2F
2-1: Swinging Strike
2-2: Strikes out swinging
Batting: RHB Jonathan Gallup 0-0: Ground out 5-3 (Groundball, 56, EV 106.9 MPH)
Top of the 8th over - 0 runs, 0 hits, 0 errors, 0 left on base; Midland 4 - Northwest Arkansas 3
BOTTOM OF THE 8TH
Northwest Arkansas Naturals batting - Pitching for Midland RockHounds : RHP Alfonso Alvarado
Batting: RHB Kazuki Arai 0-0: Ball
1-0: Ball
2-0: Ball
3-0: Foul Ball, location: 2F
3-1: Ground out 6-3 (Groundball, 6, EV 80.0 MPH)
Batting: RHB Alex Cid 0-0: Called Strike
0-1: Called Strike
0-2: Ball
1-2: Foul Ball, location: 2F
1-2: Strikes out looking
Batting: RHB Kevin Wimberly 0-0: Ball
1-0: SINGLE (Groundball, 6D, EV 98.1 MPH)
Pitching: RHP Jesus Moreno
Batting: RHB Andy Urquhart 0-0: TRIPLE (Flyball, 9D, EV 103.1 MPH)
Kevin Wimberly scores
Batting: RHB Edwin Ramos 0-0: Ground out 5-3 (Groundball, 56S, EV 66.2 MPH)
Bottom of the 8th over - 1 run, 2 hits, 0 errors, 1 left on base; Midland 4 - Northwest Arkansas 4
TOP OF THE 9TH
Midland RockHounds batting - Pitching for Northwest Arkansas Naturals : RHP Matthew Orphan
Pinch Hitting: SHB D.J. Codd 0-0: Ball
1-0: Ground out U3 (Groundball, 34S, EV 78.1 MPH)
Pinch Hitting: LHB Alan Bianchard 0-0: Swinging Strike
0-1: Swinging Strike
0-2: Ball
1-2: Ground out 4-3 (Groundball, 4, EV 103.8 MPH)
Batting: RHB Gojko Golob 0-0: Ball
1-0: Called Strike
1-1: Ball
2-1: TRIPLE (Flyball, 78XD, EV 100.0 MPH)
Batting: RHB Larry Clark 0-0: Ground out 5-3 (Groundball, 5, EV 91.9 MPH)
Top of the 9th over - 0 runs, 1 hit, 0 errors, 1 left on base; Midland 4 - Northwest Arkansas 4
BOTTOM OF THE 9TH
Northwest Arkansas Naturals batting - Pitching for Midland RockHounds : RHP Jesus Moreno
Now at 2B: Tim Anderson
Now in LF: Alan Bianchard
Pinch Hitting: LHB Bobby Gonzalez 0-0: Ground out 6-3 (Groundball, P, EV 86.9 MPH)
Pinch Hitting: LHB Joe Cozart 0-0: Ball
1-0: Called Strike
1-1: Foul Ball, location: 2F
1-2: SOLO HOME RUN (Flyball, 89XD, EV 115.6 MPH), Distance : 456 ft
Bottom of the 9th over - 1 run, 1 hit, 0 errors, 0 left on base; Midland 4 - Northwest Arkansas 5
Tuesday, March 28th , 2023 - OOTP Baseball 23.10 Build 110